 Dungeon Crawl Stone Soup version 0.21-a0-442-g848f44b (webtiles) character file.

26846 mhoghedin the Frost Mage (level 13, -9/114 HPs)
             Began as a Grey Draconian Ice Elementalist on Nov 14, 2017.
             Was a High Priest of Vehumet.
             Mangled by a death yak (24 damage)
             ... on level 4 of the Lair of Beasts.
             The game lasted 01:13:15 (17207 turns).

mhoghedin the Frost Mage (DrIE)                    Turns: 17207, Time: 01:13:16

Health: -9/114     AC: 23    Str: 10    XL:     13   Next: 1%
Magic:  1/26       EV: 16    Int: 20    God:    Vehumet [*****.]
Gold:   516        SH:  8    Dex: 16    Spells: 3/31 levels left

rFire    . . .     SeeInvis .   b - +1 hunting sling (flame)
rCold    . . .     Gourm    .   y - +3 warlock's mirror {reflect}
rNeg     . . .     Faith    .   (armour unavailable)
rPois    .         Spirit   .   (helmet restricted)
rElec    .         Reflect  +   (no cloak)
rCorr    .         Harm     .   u - +1 pair of gloves
MR       .....                  (no boots)
Stlth    ++........             j - amulet of regeneration {+regen, !d}
HPRegen  0.69/turn              n - +3 ring of dexterity
MPRegen  0.20/turn              J - ring of wizardry {Wiz+, !d}

@: icy armour, slow
A: walk through water, unfitting armour, horns 1, robust 1, unbreathing, no
potion heal 1, cold-blooded, AC +13
a: Renounce Religion


You were on level 4 of the Lair of Beasts.
You worshipped Vehumet.
Vehumet was extremely pleased with you.
You were not hungry.

You visited 3 branches of the dungeon, and saw 17 of its levels.
You also visited: Ossuary.

You collected 1076 gold pieces.
You spent 560 gold pieces at shops.

Inventory:

Hand Weapons
 b - a +1 hunting sling of flaming (weapon)
   (You found it on level 3 of the Dungeon)
Missiles
 m - 59 sling bullets (quivered)
 I - 61 stones
 P - 6 throwing nets {=f, !d}
Armour
 u - a +1 pair of gloves (worn)
   (You found it on level 8 of the Dungeon)
 y - the +3 warlock's mirror (worn) {reflect}
   (You bought it in a shop on level 4 of the Dungeon)
Magical Staves
 a - an uncursed staff of cold {rC+}
   (You found it on level 9 of the Dungeon)
Jewellery
 c - an uncursed ring of flight {+Fly, !d}
   (You found it on level 1 of the Dungeon)
 j - an amulet of regeneration (around neck) {+regen, !d}
   (You found it on level 1 of the Dungeon)
 n - a +3 ring of dexterity (left hand)
   (You found it on level 3 of the Lair of Beasts)
 J - a ring of wizardry (right hand) {Wiz+, !d}
   (You took it off a centaur on level 8 of the Dungeon)
 O - an uncursed ring of protection from fire {rF+, !d}
   (You found it on level 1 of the Lair of Beasts)
Wands
 d - a wand of digging (7/24)
   (You took it off an orc wizard on level 7 of the Dungeon)
 i - a wand of iceblast (4/15)
   (You found it on level 3 of the Lair of Beasts)
 q - a wand of acid (2/15)
   (You found it on level 2 of the Dungeon)
 r - a wand of paralysis (8/24)
   (You found it on level 4 of the Lair of Beasts)
 v - a wand of digging (14/24)
   (You found it on level 4 of the Lair of Beasts)
 B - a wand of lightning (11/15)
   (You found it on level 10 of the Dungeon)
Scrolls
 e - 6 scrolls of teleportation
 p - 5 scrolls of remove curse
 x - a scroll of blinking {!r}
 F - 2 scrolls of recharging
 H - 2 scrolls of magic mapping {!r}
 M - a scroll of enchant weapon
 N - 2 scrolls of fear
Potions
 g - 3 potions of lignification {!q}
 k - 2 potions of flight
 l - 10 potions of curing
 o - 2 potions of heal wounds
 t - a potion of haste
 z - 2 potions of resistance
 A - 2 potions of might
 D - a potion of ambrosia
 G - a potion of agility
Comestibles
 f - 9 meat rations {@e2}
 h - a fruit
 s - 4 bread rations {@e1}
 Q - 8 royal jellies


   Skills:
 - Level 6.7 Fighting
 - Level 6.6 Slings
 - Level 6.5 Dodging
 - Level 3.0 Stealth
 - Level 4.0 Shields
 + Level 9.7 Spellcasting
 + Level 10.1 Conjurations
 - Level 1.8 Summonings
 - Level 10.4 Ice Magic
 - Level 5.0 Poison Magic


You had 3 spell levels left.
You knew the following spells:

 Your Spells              Type           Power        Failure   Level  Hunger
a - Freeze                Ice            ####         1%          1    None
b - Summon Ice Beast      Ice/Summ       ####....     2%          4    ##.....
c - Throw Icicle          Conj/Ice       ######..     1%          4    ##.....
d - Olgreb's Toxic Radia  Pois           ####....     1%          4    ##.....
e - Venom Bolt            Conj/Pois      #####.....   1%          5    #####..
f - Orb of Destruction    Conj           ######....   11%         7    #######
A - Ozocubu's Armour      Chrm/Ice       ####....     1%          3    None


Dungeon Overview and Level Annotations

Branches:
Dungeon (10/15)            Temple (1/1) D:4            Lair (6/6) D:9
 Shoals (0/4) Lair:3        Snake (0/4) Lair:3        Slime (0/5) Lair:5
    Orc (0/2) D:9

Altars:
Ashenzari
Cheibriados
Dithmenos
Elyvilon
Fedhas
Gozag
Hepliaklqana
Kikubaaqudgha
Makhleb
Nemelex Xobeh
Okawaru
Qazlal
Ru
Sif Muna
Trog
Uskayaw
Vehumet
Wu Jian
Xom
Yredelemnul
Zin
The Shining One

Shops:
D:4 [   D:8 =   D:9 =

Annotations:
D:7 EnegeticOcto's ghost, novice NaEn


Innate Abilities, Weirdness & Mutations

You can walk through water.
Your dull iron-grey scales are very hard. (AC +13)
You cannot fit into any form of body armour.
You can survive without breathing.
You are cold-blooded and may be slowed by cold attacks.
You have a pair of small horns on your head.
You are robust. (+10% HP)
Potions are less effective at restoring your health.


Message History

You shoot a stone. The stone hits the death yak.
The stone burns the death yak.
The death yak gores you but does no damage.
Aim: a death yak (heavily wounded)
You shoot a stone. The stone barely misses the death yak.
The death yak misses you.
Aim: a death yak (heavily wounded)
You shoot a stone.
The stone hits the death yak but does no damage.
The death yak gores you but does no damage.
Aim: a death yak (heavily wounded)
You shoot a stone. The stone hits the death yak.
The stone burns the death yak.
The death yak gores you!
You take 9 damage, and have 46/106 hp.
Aim: a death yak (heavily wounded)
You shoot a stone.
The stone hits the death yak but does no damage.
The death yak misses you.
Quiver which item? (- for none, * to show all) (? for menu, Esc to quit)
Quivering
m - 71 sling bullets for slings.
Aim: a death yak (heavily wounded)
You shoot a sling bullet. The sling bullet hits the death yak.
The sling bullet burns the death yak.
Your icy armour starts to melt.
You block the death yak's attack.
Aim: a death yak (heavily wounded)
You shoot a sling bullet. The sling bullet hits the death yak.
The sling bullet burns the death yak.
You block the death yak's attack.
Aim: a death yak (heavily wounded)
You shoot a sling bullet.
The sling bullet barely misses the death yak.
Aim: a death yak (heavily wounded)
You shoot a sling bullet. The sling bullet hits the death yak.
The sling bullet burns the death yak.
The death yak barely misses you.
Aim: a death yak (severely wounded)
You shoot a sling bullet.
The sling bullet hits the death yak but does no damage.
The death yak completely misses you.
Aim: a death yak (severely wounded)
You shoot a sling bullet. The sling bullet hits the death yak.
The sling bullet burns the death yak.
The death yak gores you but does no damage.
Aim: a death yak (severely wounded)
You shoot a sling bullet. The sling bullet hits the death yak.
The sling bullet burns the death yak.
Your icy armour evaporates.
You block the death yak's attack.
Aim: a death yak (severely wounded)
You shoot a sling bullet. The sling bullet hits the death yak!
The sling bullet burns the death yak.
The death yak barely misses you.
Aim: a death yak (almost dead)
You shoot a sling bullet.
The sling bullet hits the death yak but does no damage.
The death yak gores you!
You take 11 damage, and have 41/106 hp.
Aim: a death yak (almost dead)
You shoot a sling bullet.
The sling bullet hits the death yak but does no damage.
The death yak gores you!
* * * LOW HITPOINT WARNING * * *
You take 13 damage, and have 28/106 hp.
Aim: a death yak (almost dead)
You shoot a sling bullet.
The sling bullet barely misses the death yak.
Aim: a death yak (almost dead)
You shoot a sling bullet. The sling bullet hits the death yak.
The sling bullet burns the death yak.
You kill the death yak!
Vehumet accepts your kill.
You feel your power returning.
You have reached level 13!
You regained 3 hp, and now have 31/114 hp.
You regained 4 mp, and now have 8/26 mp.
Aim: a death yak (moderately wounded)
The bolt of poison hits the death yak.
The death yak is poisoned.
The bolt of poison hits the death yak.
The death yak is poisoned.
The death yak gores you.
* * * LOW HITPOINT WARNING * * *
You take 4 damage, and have 27/114 hp.
You now have 3/26 mp.
Unknown command.
Okay, then.
Unknown command.
Your +1 hunting sling of flaming stops flaming.
a - an uncursed staff of cold (weapon)
{rC+} You don't have enough magic to cast that spell.
Unknown command.
Okay, then.
Unknown command.
You feel a surge of power! A film of ice covers your body!
The death yak gores you!
* * * LOW HITPOINT WARNING * * *
You take 10 damage, and have 17/114 hp.
You now have 1/26 mp.
Your +1 hunting sling of flaming bursts into flame!
b - a +1 hunting sling of flaming (weapon)
The death yak gores you!
* * * LOW HITPOINT WARNING * * *
You take 16 damage, and have 1/114 hp.
Unknown command.
Your system partially rejects the healing.
You feel much better. The death yak gores you!!
You die...

##..##...##....Y##.
#...P#........#.# #
#..............##
##...#......#.#
#...#...##...#
#..##.#.......
#.((.........
##Y(....... .
#@#.#.#.## ...
####....#.....
##.YY...Y..
#..#P......
##.#.P##... .......
.. ####.#.#. ####
.. .


You could see a death yak.

Vanquished Creatures
  Harold (Lair:1)
  A two-headed ogre (D:8)
  3 death yaks (Lair:4)
  The ghost of kal9871 the Dealer of Despair, a novice DENe of Kikubaaqudgha (D:9)
  Pikel (D:3)
  A manticore (D:10)
  A cyclops (D:9)
  A black mamba (Lair:2)
  A torpor snail (Lair:4)
  3 spiny frogs
  A rime drake (Lair:3)
  3 komodo dragons
  A queen bee (Lair:1)
  A troll (D:10)
  A merfolk (Lair:3)
  4 polar bears
  Grinder (D:4)
  12 blink frogs
  A meliai zombie (D:9)
  7 hippogriffs
  2 dream sheep (Lair:4)
  3 wyverns
  A wraith (D:10)
  13 yaks
  A basilisk (Lair:4)
  A steam dragon (D:9)
  Menkaure (D:5)
  Edmund (D:4)
  2 nagas (Lair:3)
  8 water moccasins
  3 porcupines
  Purgy (D:4)
  5 sky beasts
  2 orc warriors
  2 necrophages
  2 ice beasts
  2 phantoms
  7 ogres
  3 wolves (D:9)
  4 centaurs
  9 crocodiles
  2 big kobolds (D:9)
  12 bullfrogs
  A gnoll sergeant (D:5)
  3 scorpions
  25 killer bees
  10 wights
  3 electric eels (D:9)
  3 howler monkeys
  2 crimson imps
  2 quasits
  A bullfrog zombie (D:9)
  3 jellies
  2 bullfrog skeletons
  5 orc priests
  2 centaur skeletons
  8 hounds
  3 iguanas
  Natasha (thrice) (D:2)
  4 worker ants
  13 orc wizards
  A hound zombie (D:9)
  2 hound skeletons
  8 mummies (Ossuary)
  A howler monkey zombie (D:5)
  Robin (D:2)
  4 gnolls (D:5)
  7 adders
  4 shadow imps
  An ooze (D:2)
  An adder skeleton (D:6)
  7 worms
  2 dart slugs
  4 leopard geckos
  37 orcs
  4 bats
  9 giant cockroaches
  3 gnoll zombies (Ossuary)
  17 goblins
  11 hobgoblins
  18 kobolds
  4 quokkas
  3 ball pythons
  5 frilled lizards
  3 hobgoblin zombies (Ossuary)
  A jackal skeleton (D:5)
  A kobold zombie (Ossuary)
  An orc zombie (Ossuary)
  A quokka skeleton (D:9)
  11 rats
398 creatures vanquished.

Vanquished Creatures (collateral kills)
  A death yak (Lair:4)
  A merfolk siren (Lair:3)
  The ghost of Autsider the Charmwright, a novice GnSk (D:6)
  A black mamba (Lair:3)
  A troll (D:9)
  A blink frog (Lair:2)
  2 hippogriffs
  A yak (Lair:2)
  A basilisk (Lair:2)
  A water moccasin (Lair:6)
  A porcupine (Lair:2)
  An orc warrior (D:7)
  An ogre (D:9)
  2 bullfrogs
  4 killer bees
  A crimson imp (D:7)
  A hound (D:9)
  2 orc priests (D:7)
  2 orcs (D:7)
26 creatures vanquished.

Vanquished Creatures (others)
  Sigmund (D:4)
  A slave (D:4)
  2 worker ants (D:4)
  Ijyb (D:4)
  2 adders (D:4)
  A worm (D:4)
  A kobold (D:9)
  A quokka skeleton (D:4)
  6 fungi
  7 plants (Lair:4)
23 creatures vanquished.

Grand Total: 447 creatures vanquished

Notes
Turn   | Place    | Note
-------+----------+-------------------------------------------
     0 | D:1      | mhoghedin the Draconian Ice Elementalist began the quest for the Orb.
     0 | D:1      | Reached XP level 1. HP: 14/14 MP: 3/3
    61 | D:1      | Reached skill level 2 in Stealth
   115 | D:1      | Reached XP level 2. HP: 12/20 MP: 0/5
   457 | D:1      | Reached skill level 2 in Dodging
   543 | D:1      | Learned a level 2 spell: Throw Frost
   682 | D:1      | Reached XP level 3. HP: 26/26 MP: 3/6
  1055 | D:2      | Noticed Natasha
  1066 | D:2      | HP: 6/26 [Natasha (4)]
  1068 | D:2      | Killed Natasha
  1176 | D:2      | Noticed Natasha
  1190 | D:2      | Killed Natasha
  1190 | D:2      | Reached skill level 1 in Shields
  1190 | D:2      | Reached XP level 4. HP: 19/33 MP: 1/8
  1263 | D:2      | Found a hide-covered altar of Uskayaw.
  1263 | D:2      | Noticed an enchanted hand axe
  1266 | D:2      | Noticed a dagger
  1404 | D:2      | Learned a level 3 spell: Ozocubu's Armour
  1460 | D:2      | Found a glowing golden altar of the Shining One.
  1531 | D:2      | Found an ornate altar of the Wu Jian Council.
  1605 | D:2      | Noticed Robin
  1623 | D:2      | Killed Robin
  1686 | D:2      | Reached XP level 5. HP: 35/38 MP: 6/9
  1723 | D:2      | Reached skill level 3 in Spellcasting
  1729 | D:2      | Learned a level 4 spell: Summon Ice Beast
  1911 | D:2      | Noticed Natasha
  1918 | D:2      | Killed Natasha
  1918 | D:2      | Reached skill level 4 in Ice Magic
  2579 | D:3      | Reached skill level 3 in Stealth
  2585 | D:3      | Reached skill level 3 in Dodging
  2585 | D:3      | Reached skill level 2 in Shields
  2585 | D:3      | Reached XP level 6. HP: 38/45 MP: 2/10
  2639 | D:3      | Found a bloodstained altar of Trog.
  3348 | D:4      | Reached skill level 1 in Slings
  3506 | D:4      | Noticed Purgy
  3511 | D:4      | Noticed Sigmund
  3564 | D:4      | Found Poawemn's Armour Shoppe.
  3593 | D:4      | Reached skill level 2 in Slings
  3622 | D:4      | Noticed Grinder
  3646 | D:4      | Killed Grinder
  3646 | D:4      | Reached skill level 5 in Ice Magic
  3646 | D:4      | Your scales start taking on a dull iron-grey colour.
  3646 | D:4      | Reached XP level 7. HP: 47/50 MP: 7/12
  3646 | D:4      | Gained mutation: You can survive without breathing. [Grey Draconian growth]
  3813 | D:4      | Noticed Pikel
  3823 | D:4      | Noticed Edmund
  3847 | D:3      | Killed Pikel
  3847 | D:3      | Reached skill level 2 in Fighting
  3847 | D:3      | Reached skill level 3 in Slings
  3847 | D:3      | Reached skill level 3 in Shields
  3847 | D:3      | Reached XP level 8. HP: 42/62 MP: 0/13
  4045 | D:4      | Killed Purgy
  4045 | D:4      | Reached skill level 4 in Dodging
  4136 | D:4      | Reached skill level 3 in Fighting
  4141 | D:4      | Killed Ijyb
  4178 | D:4      | Killed Edmund
  4251 | D:4      | Killed Sigmund
  4281 | D:4      | Found a staircase to the Ecumenical Temple.
  4294 | Temple   | Entered the Ecumenical Temple
  4779 | D:4      | Found a faded altar of an unknown god.
  4779 | D:4      | Found an ancient bone altar of Kikubaaqudgha.
  4788 | D:4      | Found a radiant altar of Vehumet.
  4793 | D:4      | Found a faded altar of an unknown god.
  4795 | D:4      | Found a white marble altar of Elyvilon.
  4969 | D:4      | Became a worshipper of Vehumet
  4997 | D:5      | Entered Level 5 of the Dungeon
  5032 | D:5      | Reached skill level 6 in Ice Magic
  5143 | D:5      | Reached skill level 2 in Conjurations
  5255 | D:5      | Reached skill level 4 in Slings
  5389 | D:5      | Found a sacrificial altar of Ru.
  5600 | D:5      | Reached skill level 5 in Slings
  5641 | D:5      | Found a deep blue altar of Sif Muna.
  5677 | D:5      | Reached * piety under Vehumet
  5677 | D:5      | Offered knowledge of Sandblast by Vehumet.
  5682 | D:5      | Reached XP level 9. HP: 68/68 MP: 14/14
  5828 | D:5      | Noticed Menkaure
  5873 | D:5      | Identified Sif Muna's Reference Book on Evil
  5885 | D:5      | Learned a level 4 spell: Throw Icicle
  5933 | D:5      | Killed Menkaure
  6390 | D:6      | Noticed Autsider's ghost (novice GnSk)
  6415 | D:6      | Killed Autsider's ghost
  6415 | D:6      | Reached skill level 4 in Spellcasting
  6415 | D:6      | Reached skill level 3 in Conjurations
  6453 | D:6      | Reached skill level 7 in Ice Magic
  6628 | D:6      | Reached skill level 4 in Conjurations
  6632 | D:6      | Reached ** piety under Vehumet
  6698 | D:6      | Offered knowledge of Throw Flame by Vehumet.
  6717 | D:6      | Found a sand-covered staircase.
  6723 | Ossuary  | Entered an ossuary
  7162 | D:6      | Reached skill level 4 in Shields
  7296 | D:6      | Found a sparkling altar of Nemelex Xobeh.
  7296 | D:6      | Found an opulent altar of Gozag.
  7360 | D:6      | Reached skill level 5 in Spellcasting
  7500 | D:7      | Found a basalt altar of Yredelemnul.
  7529 | D:7      | Offered knowledge of Mephitic Cloud by Vehumet.
  7591 | D:7      | Noticed EnegeticOcto's ghost (novice NaEn)
  7811 | D:7      | Reached skill level 5 in Conjurations
  7861 | D:7      | Reached skill level 8 in Ice Magic
  7861 | D:7      | Reached XP level 10. HP: 68/75 MP: 14/18
  7885 | D:7      | Reached skill level 1 in Summonings
  8042 | D:7      | Reached *** piety under Vehumet
  8122 | D:7      | Found a hazy altar of Hepliaklqana.
  8123 | D:7      | Found a shimmering altar of Xom.
  8540 | D:8      | Found Fiwysas's Jewellery Shop.
  8597 | D:8      | Noticed a two-headed ogre
  8629 | D:8      | Killed a two-headed ogre
  8629 | D:8      | Reached skill level 6 in Spellcasting
  8642 | D:8      | Reached skill level 6 in Conjurations
  8786 | D:8      | Found a shattered altar of Ashenzari.
  9121 | D:5      | Reached skill level 6 in Slings
  9182 | D:4      | Bought the +3 warlock's mirror {reflect} for 560 gold pieces
  9182 | D:4      | Found the +3 warlock's mirror {reflect}
  9553 | D:8      | Offered knowledge of Olgreb's Toxic Radiance by Vehumet.
  9926 | D:9      | Reached skill level 4 in Fighting
 10047 | D:9      | Reached skill level 5 in Dodging
 10091 | D:9      | Learned a level 4 spell: Olgreb's Toxic Radiance
 10178 | D:9      | Found a staircase to the Lair.
 10192 | D:9      | Noticed kal9871's ghost (novice DENe)
 10200 | D:8      | Reached skill level 1 in Poison Magic
 10425 | D:9      | Reached skill level 2 in Poison Magic
 10520 | D:9      | Reached skill level 3 in Poison Magic
 10539 | D:9      | Noticed a cyclops
 10544 | D:9      | Killed a cyclops
 10544 | D:9      | Reached **** piety under Vehumet
 10544 | D:9      | Reached skill level 4 in Poison Magic
 10608 | D:9      | Found a staircase to the Orcish Mines.
 10652 | D:9      | Killed kal9871's ghost
 10652 | D:9      | Reached XP level 11. HP: 55/83 MP: 3/20
 10698 | D:9      | Reached skill level 5 in Poison Magic
 11010 | D:9      | Offered knowledge of Lightning Bolt by Vehumet.
 11105 | D:9      | Reached skill level 5 in Fighting
 11402 | D:9      | Found Heapa's Jewellery Emporium.
 11698 | D:10     | Entered Level 10 of the Dungeon
 12108 | D:10     | HP: 21/86 [manticore (1)]
 12109 | D:10     | HP: 8/86 [manticore (14)]
 12116 | D:10     | HP: 17/88 [manticore (5)]
 12117 | D:10     | HP: 2/88 [manticore (15)]
 12239 | D:10     | Learned a level 5 spell: Venom Bolt
 12635 | Lair:1   | Entered Level 1 of the Lair of Beasts
 12713 | Lair:1   | You fall through a shaft!
 12764 | Lair:1   | Reached skill level 9 in Ice Magic
 12945 | Lair:1   | Reached ***** piety under Vehumet
 12945 | Lair:1   | Reached skill level 7 in Spellcasting
 12945 | Lair:1   | Reached skill level 7 in Conjurations
 12947 | Lair:1   | Offered knowledge of Iskenderun's Mystic Blast by Vehumet.
 13083 | Lair:1   | Noticed Harold
 13094 | Lair:1   | Killed Harold
 13300 | Lair:1   | Reached XP level 12. HP: 49/95 MP: 14/23
 13418 | Lair:1   | Found the +4 skin of Zhor {rC+++}
 13430 | Lair:1   | Reached skill level 8 in Conjurations
 13430 | Lair:1   | Reached skill level 10 in Ice Magic
 13682 | Lair:2   | Reached skill level 8 in Spellcasting
 14208 | Lair:2   | Reached skill level 6 in Fighting
 14208 | Lair:2   | Reached skill level 6 in Dodging
 14522 | Lair:2   | Gained mutation: Potions are less effective at restoring your health. [potion of mutation]
 14522 | Lair:2   | Gained mutation: You have sharp toenails. [potion of mutation]
 14523 | Lair:2   | Lost mutation: You have sharp toenails. [potion of mutation]
 14523 | Lair:2   | Lost mutation: Potions are less effective at restoring your health. [potion of mutation]
 14523 | Lair:2   | Gained mutation: Potions are less effective at restoring your health. [potion of mutation]
 14523 | Lair:2   | Gained mutation: You are robust. (+10% HP) [potion of mutation]
 14523 | Lair:2   | Gained mutation: You evolve. [potion of mutation]
 14647 | Lair:3   | Found a staircase to the Shoals.
 14932 | Lair:3   | Found a staircase to the Snake Pit.
 14962 | Lair:3   | Offered knowledge of Orb of Destruction by Vehumet.
 15272 | Lair:3   | Gained mutation: You have a pair of small horns on your head. [evolution]
 15272 | Lair:3   | Lost mutation: You evolve. [end of evolution]
 15551 | Lair:3   | You fall through a shaft for 3 floors!
 15551 | Lair:6   | Entered Level 6 of the Lair of Beasts
 15801 | Lair:5   | Learned a level 7 spell: Orb of Destruction
 15859 | Lair:5   | Found a staircase to the Slime Pits.
 15973 | Lair:4   | Noticed a death yak
 15988 | Lair:4   | Reached skill level 9 in Conjurations
 15996 | Lair:4   | Noticed a death yak
 15997 | Lair:4   | Killed a death yak
 15997 | Lair:4   | Reached skill level 9 in Spellcasting
 15998 | Lair:4   | Noticed a death yak
 15998 | Lair:4   | Noticed a death yak
 15998 | Lair:4   | Noticed a death yak
 15999 | Lair:4   | Noticed a death yak
 16785 | Lair:4   | HP: 24/106 [polar bear (9)]
 17153 | Lair:4   | Killed a death yak
 17176 | Lair:4   | Killed a death yak
 17176 | Lair:4   | Reached skill level 10 in Conjurations
 17202 | Lair:4   | Killed a death yak
 17202 | Lair:4   | Reached XP level 13. HP: 30/114 MP: 8/26
 17203 | Lair:4   | HP: 27/114 [death yak (5)]
 17206 | Lair:4   | HP: 1/114 [death yak (16)]
 17207 | Lair:4   | Mangled by a death yak

Vault maps used:
D:1:      lemuel_arrival_behind_the_door_large
D:2:      overflow_temple_1_default, dancing_weapons_uskayaw, marbit_many_paths,
          first_bread, uniq_robin, uniq_natasha
D:3:      trog_butcher_becter
D:4:      chequers_temple_overflow_minitemple, minmay_temple_entry_glassed_door,
          serial_shops, shop, uniq_purgy, uniq_pikel, uniq_sigmund,
          uniq_grinder, uniq_ijyb, uniq_edmund
D:5:      nicolae_ru_sacrificial_ziggurat, led_sif_book, cheibrodos_gnoll_hut,
          uniq_menkaure
D:6:      grunt_temple_overflow_opulence, nicolae_ossuary_entry_plus
D:7:      regret_index_temple_of_mockery, yredelemnul_altar_generic
D:8:      overflow_temple_1_default, serial_shops, shop_statue
D:9:      erik_lair_island, serial_shops, shop_statue
Temple:   compressed_dpeg_triangle_lava_temple
Lair:1:   minmay_holes, uniq_harold
Lair:3:   elwin_shoals_entry_rooms, guppyfry_snake_entry_garden, st_stairs_7,
          wad_woods_road_05, grunt_megastairs_3, infiniplex_staircase_pool
Lair:4:   minmay_lair_oklob_chamber
Lair:5:   slime_dummy
Lair:6:   evil_forest, grunt_forest_small_clearings
Ossuary:  ossuary_tomb_3

Skill      XL: |  1  2  3  4  5  6  7  8  9 10 11 12 |
---------------+-------------------------------------+-----
Stealth        | 2 3 |  3.0
Dodging        | 2 3 4 5 6 |  6.5
Shields        | 1 2 3 4 |  4.0
Spellcasting   | 3 5 6 7 9 |  9.7
Ice Magic      | 4 5 6 8 9 10 | 10.4
Slings         | 2 3 5 6 |  6.6
Fighting       | 2 3 4 5 6 |  6.7
Conjurations   | 2 5 6 7 10 | 10.1
Summonings     | 1 |  1.8
Poison Magic   | 4 5 |  5.0

Action                   |  1- 3 |  4- 6 |  7- 9 | 10-12 | 13-15 || total
-------------------------+-------+-------+-------+-------+-------++-------
Melee: Club              |    28 |       |       |       |       ||    28
       Short sword       |    25 |   150 |    44 |    10 |       ||   229
       Tailslap          |     4 |    20 |     4 |     2 |       ||    30
       Dagger            |       |    25 |       |       |       ||    25
       Hunting sling     |       |       |       |     6 |       ||     6
       Staff             |       |       |       |    11 |       ||    11
 Fire: Hunting sling     |       |    17 |   596 |   974 |       ||  1587
 Cast: Freeze            |    41 |    65 |    55 |    96 |       ||   257
       Ozocubu's Armour  |       |     3 |     9 |    27 |     1 ||    40
       Throw Frost       |       |     7 |     1 |     5 |       ||    13
       Throw Icicle      |       |       |     3 |    64 |       ||    67
       Summon Ice Beast  |       |       |     3 |    27 |       ||    30
       Olgreb's Toxic Ra |       |       |       |    39 |       ||    39
       Venom Bolt        |       |       |       |    12 |     1 ||    13
       Orb of Destructio |       |       |       |     1 |       ||     1
 Abil: Evoke Flight      |       |       |     1 |       |       ||     1
Evoke: Wand              |       |     1 |     1 |     7 |       ||     9
  Use: Potion            |     1 |       |     2 |    12 |     1 ||    16
       Scroll            |       |     6 |     1 |    24 |       ||    31
 Stab: Sleeping          |       |     7 |       |       |       ||     7
       Distracted        |       |     1 |       |       |       ||     1
  Eat: Chunk             |     2 |     7 |     8 |    29 |       ||    46
       Royal jelly       |       |     1 |     1 |     8 |       ||    10
       Meat ration       |       |       |     1 |       |       ||     1
       Fruit             |       |       |       |     2 |       ||     2
Armor: Skin              |    29 |    77 |   184 |   327 |       ||   617
Dodge: Dodged            |    60 |   115 |   277 |   543 |       ||   995
Block: Buckler           |     5 |    50 |   122 |   358 |       ||   535
       Reflection        |       |       |       |     5 |       ||     5

Table legend:
 A = Spawn XP
 B = Non-spawn XP
 C = Spawn XP percentage of total XP
 D = Spawn monster count
 E = Non-spawn monster count
 F = Spawn count percentage of total count
 G = Total turns spent on level
                    A         B        C        D         E        F      G
               +---------+---------+-------+---------+---------+-------+---------
         Total |       0 |   38352 |   0.0 |       0 |     425 |   0.0 | 17207
               +---------+---------+-------+---------+---------+-------+---------
           D:1 |       0 |      50 |   0.0 |       0 |      27 |   0.0 |  1030
           D:2 |       0 |     217 |   0.0 |       0 |      35 |   0.0 |  1250
           D:3 |       0 |     818 |   0.0 |       0 |      32 |   0.0 |  1307
           D:4 |       0 |     949 |   0.0 |       0 |      22 |   0.0 |  1262
           D:5 |       0 |    1335 |   0.0 |       0 |      35 |   0.0 |  1391
           D:6 |       0 |    1475 |   0.0 |       0 |      24 |   0.0 |   996
           D:7 |       0 |    1780 |   0.0 |       0 |      31 |   0.0 |  1097
           D:8 |       0 |    1644 |   0.0 |       0 |      17 |   0.0 |  1239
           D:9 |       0 |    4125 |   0.0 |       0 |      51 |   0.0 |  1644
          D:10 |       0 |    2112 |   0.0 |       0 |      20 |   0.0 |   891
        Lair:1 |       0 |    8791 |   0.0 |       0 |      55 |   0.0 |  1003
        Lair:2 |       0 |    3678 |   0.0 |       0 |      20 |   0.0 |   939
        Lair:3 |       0 |    2432 |   0.0 |       0 |      12 |   0.0 |  1392
        Lair:4 |       0 |    7499 |   0.0 |       0 |      22 |   0.0 |   845
        Lair:5 |       0 |     900 |   0.0 |       0 |       4 |   0.0 |   346
        Lair:6 |       0 |     393 |   0.0 |       0 |       2 |   0.0 |    47
       Ossuary |       0 |     154 |   0.0 |       0 |      16 |   0.0 |   301
               +---------+---------+-------+---------+---------+-------+---------

Vault maps used:
D:1:      lemuel_arrival_behind_the_door_large
D:2:      overflow_temple_1_default, dancing_weapons_uskayaw, marbit_many_paths,
          first_bread, uniq_robin, uniq_natasha
D:3:      trog_butcher_becter
D:4:      chequers_temple_overflow_minitemple, minmay_temple_entry_glassed_door,
          serial_shops, shop, uniq_purgy, uniq_pikel, uniq_sigmund,
          uniq_grinder, uniq_ijyb, uniq_edmund
D:5:      nicolae_ru_sacrificial_ziggurat, led_sif_book, cheibrodos_gnoll_hut,
          uniq_menkaure
D:6:      grunt_temple_overflow_opulence, nicolae_ossuary_entry_plus
D:7:      regret_index_temple_of_mockery, yredelemnul_altar_generic
D:8:      overflow_temple_1_default, serial_shops, shop_statue
D:9:      erik_lair_island, serial_shops, shop_statue
Temple:   compressed_dpeg_triangle_lava_temple
Lair:1:   minmay_holes, uniq_harold
Lair:3:   elwin_shoals_entry_rooms, guppyfry_snake_entry_garden, st_stairs_7,
          wad_woods_road_05, grunt_megastairs_3, infiniplex_staircase_pool
Lair:4:   minmay_lair_oklob_chamber
Lair:5:   slime_dummy
Lair:6:   evil_forest, grunt_forest_small_clearings
Ossuary:  ossuary_tomb_3

Table legend:
 A = Turns spent in this place as a percentage of turns spent in the entire game.
 B = Non-inter-level travel turns spent in this place as a percentage of non-inter-level travel turns spent in the entire game.
 C = Inter-level travel turns spent in this place as a percentage of turns spent in this place.
 D = Turns resting spent in this place as a percentage of non-inter-level travel turns spent in this place.
 E = Turns spent auto-exploring this place as a percentage of non-inter-level travel turns spent in this place.
 F = Non-inter-level travel turns spent in this place divided by the number of levels of this place that you've seen.
                   A       B       C       D       E      F
               +-------+-------+-------+-------+-------+----------------------
         Total | 100.0 | 100.0 |   4.7 |  19.6 |  51.8 | 910.8
       Dungeon |  70.4 |  69.5 |   5.9 |  20.0 |  50.4 | 1139.3
        Temple |   1.3 |   1.3 |   7.0 |   0.0 |  63.0 | 211.0
          Lair |  26.6 |  27.4 |   1.8 |  20.9 |  54.1 | 748.2
       Ossuary |   1.7 |   1.8 |   0.0 |   0.0 |  63.1 | 301.0
               +-------+-------+-------+-------+-------+----------------------

Table legend:
 A = Kills in this place as a percentage of kills in entire the game.
 B = Kills by you in this place as a percentage of kills by you in the entire game.
 C = Kills by friends in this place as a percentage of kills by friends in the entire game.
 D = Other kills in this place as a percentage of other kills in the entire game.
 E = Experience gained in this place as a percentage of experience gained in the entire game.
 F = Experience gained in this place divided by the number of levels of this place that you have seen.
                   A       B       C       D       E      F
               +-------+-------+-------+-------+-------+----------------------
         Total | 100.0 | 100.0 | 100.0 | 100.0 | 100.0 | 2130.7
       Dungeon |  69.2 |  70.6 |  46.2 | 100.0 |  37.8 | 1450.5
          Lair |  27.1 |  25.4 |  53.8 |   0.0 |  61.8 | 3948.8
       Ossuary |   3.8 |   4.0 |   0.0 |   0.0 |   0.4 | 154.0
               +-------+-------+-------+-------+-------+----------------------
